 Dungeon Crawl Stone Soup version 0.29.0-4-gdea44cf6ec (webtiles) character file.

Game seed: 15262374430136854365

620 qw the Cleaver (level 7, -2/61 HPs)
             Began as a Minotaur Berserker on Sept 9, 2022.
             Was a Priest of Trog.
             Slain by an ogre
             ... wielding a +0 giant club
              (8 damage)
             ... on level 5 of the Dungeon.
             The game lasted 00:01:12 (4025 turns).

qw the Cleaver (Minotaur Berserker)                 Turns: 4025, Time: 00:01:13

Health: -2/61      AC: 10    Str: 24    XL:     7   Next: 22%
Magic:  6/6        EV:  8    Int: 10    God:    Trog [***...]
Gold:   255        SH:  0    Dex:  9    Spells: 6/6 levels left

rFire   . . .      SeeInvis .   Y - +0 hand axe
rCold   . . .      Faith    .   (no shield)
rNeg    . . .      Spirit   .   h - +0 chain mail
rPois   .          Reflect  .   (helmet restricted)
rElec   .          Harm     .   (no cloak)
rCorr   .          Rampage  .   l - +0 pair of gloves
Will    .....                   (no boots)
Stlth   ..........              (no amulet)
HPRegen 0.20/turn               g - +6 ring of intelligence
MPRegen 0.10/turn               (no ring)

@: on berserk cooldown, slowed, very slow
A: horns 2, retaliatory headbutt
a: Renounce Religion, Berserk, Trog's Hand


You were on level 5 of the Dungeon.
You worshipped Trog.
Trog was most pleased with you.
You visited 1 branch of the dungeon, and saw 5 of its levels.

You collected 255 gold pieces.


Innate Abilities, Weirdness & Mutations

You have a pair of horns on your head.
You reflexively headbutt those who attack you in melee.


   Skills:
 - Level 5.0 Fighting
 + Level 9.0 Axes
 - Level 1.4 Throwing
 - Level 3.0 Armour
 - Level 2.1 Dodging


You had 6 spell levels left.
You didn't know any spells.
Your spell library was empty.

Inventory:

Hand Weapons
 c - a +3 flail of holy wrath
 Y - a +0 hand axe (weapon)
Missiles
 m - 2 javelins (quivered)
Armour
 b - a +0 pair of boots
 h - a +0 chain mail (worn)
 l - a +0 pair of gloves (worn)
Jewellery
 g - a +6 ring of intelligence (left hand)
Scrolls
 a - 3 scrolls of identify
Potions
 i - 4 potions of curing
 j - a potion of might
 k - a potion of resistance {unknown}
 n - a potion of haste {unknown}
 o - a potion of mutation {unknown}

Dungeon Overview and Level Annotations

Branches:
Dungeon (5/15)             Temple (0/1) D:4

Altars:
Elyvilon


Message History

You hit the gnoll sergeant.
The gnoll sergeant hits you but does no damage.
You hit the gnoll sergeant.
The gnoll sergeant is moderately wounded.
You slash the gnoll sergeant!
The gnoll sergeant is almost dead.
The gnoll sergeant hits you with a +0 trident.
You slash the gnoll sergeant!
You kill the gnoll sergeant!
Trog accepts your kill.
Your Fighting skill increases to level 5!
Things that are here:
a +0 flail; a gnoll corpse You feel a strong urge to attack something.
A shadow imp comes into view.
The ogre closely misses you.
You barely miss the ogre.
You are no longer berserk.
You are exhausted.
You feel yourself slow down.
The shadow imp shouts, "Abandon hope, thou qualling clapper-clawed wormtrail!"
4020 ||| DRINKING potion of heal wounds.
You feel much better. The ogre hits you with a +0 giant club!
You slash the ogre!
The ogre is moderately wounded.
The ogre closely misses you.
You hit the ogre but do no damage.
The ogre is moderately wounded.
The ogre completely misses you. You furiously retaliate!
You headbutt the ogre. You slash the ogre!
The ogre is severely wounded.
You hit the ogre.
The ogre is severely wounded.
The ogre hits you with a +0 giant club! The shadow imp closely misses you.
You hit the ogre.
The ogre is almost dead.
You closely miss the shadow imp. The ogre hits you with a +0 giant club!
You die...

# ##...........##..#.
##.........##..#.. .
#..###.....#....# ..
####.## #.......~..#
#..##....####.....#.~~..
#.....)...##....####~...
......)..........#......
.~....)))>.##...........
.......@....#.##......^.
...~..5O...............~
.~~~..............##..~~
.~...................~~.
...~......###.#..##.....
...~#.#...# ##... ..
....###...# #. ... #....
.


You could see an ogre and a shadow imp.

Vanquished Creatures
  Sigmund (D:2)
  Edmund (D:4)
  A gnoll sergeant (D:5)
  Jessica (D:2)
  3 iguanas
  Robin (D:2)
  4 gnolls (D:5)
  3 adders (D:4)
  2 worms
  3 dart slugs
  3 orcs
  7 bats
  8 endoplasms
  2 giant cockroaches
  14 goblins
  6 hobgoblins
  8 jackals
  2 quokkas
  5 ball pythons
  3 frilled lizards
  6 kobolds
  6 rats
90 creatures vanquished.

Notes
Turn   | Place    | Note
-------+----------+-------------------------------------------
     0 | D:1      | qw the Minotaur Berserker began the quest for the Orb.
     0 | D:1      | Reached XP level 1. HP: 19/19 MP: 0/0
     0 | D:1      | 0 ||| qw: Version: 0.1-a-113-g051387a
     0 | D:1      | 0 ||| qw: Game counter: 7082
     0 | D:1      | 0 ||| qw: Always use a shield: true
     0 | D:1      | 0 ||| qw: Do Orc after D:15 true
     0 | D:1      | 0 ||| qw: Do second Lair branch before Depths: true
     0 | D:1      | 0 ||| qw: Lair rune preference: random
     0 | D:1      | 0 ||| qw: Plans: Normal
     0 | D:1      | 0 ||| PLANNING D:1-11
    53 | D:1      | Reached skill level 4 in Axes
    82 | D:1      | 82 ||| Stepping ~*~*~tactically~*~*~ (stealth).
    90 | D:1      | 90 ||| Stepping ~*~*~tactically~*~*~ (stealth).
    95 | D:1      | Reached XP level 2. HP: 21/26 MP: 1/1
    97 | D:1      | 97 ||| Stepping ~*~*~tactically~*~*~ (stealth).
   425 | D:1      | Found a faded altar of an unknown god.
   696 | D:1      | 696 ||| UPGRADING to +0 ring mail.
   706 | D:1      | 706 ||| DROPPING +0 animal skin.
   707 | D:1      | 707 ||| UPGRADING to +0 scale mail.
   717 | D:1      | 717 ||| DROPPING +0 ring mail.
   718 | D:1      | 718 ||| READING 2 scrolls labelled VOM VAEC ILU.
   719 | D:1      | 719 ||| DRINKING 3 viscous clear potions.
   823 | D:1      | 823 ||| DROPPING 2 potions of berserk rage.
   862 | D:2      | 862 ||| Stepping ~*~*~tactically~*~*~ (stealth).
   876 | D:2      | Noticed Sigmund
   877 | D:2      | 877 ||| Stepping ~*~*~tactically~*~*~ (hiding).
   880 | D:2      | 880 ||| Stepping ~*~*~tactically~*~*~ (hiding).
   883 | D:2      | 883 ||| INVOKING Berserk.
   889 | D:2      | Killed Sigmund
   890 | D:2      | Reached skill level 7 in Axes
   890 | D:2      | Reached XP level 3. HP: 31/31 MP: 2/2
   890 | D:2      | Reached XP level 4. HP: 39/39 MP: 3/3
   890 | D:2      | Reached XP level 5. HP: 45/45 MP: 4/4
   965 | D:2      | 965 ||| Stepping ~*~*~tactically~*~*~ (stealth).
   969 | D:2      | 969 ||| Stepping ~*~*~tactically~*~*~ (stealth).
   974 | D:2      | Reached ** piety under Trog
  1023 | D:2      | Noticed Jessica
  1024 | D:2      | 1024 ||| Stepping ~*~*~tactically~*~*~ (hiding).
  1025 | D:2      | 1025 ||| Stepping ~*~*~tactically~*~*~ (hiding).
  1028 | D:2      | Killed Jessica
  1054 | D:2      | Noticed Robin
  1068 | D:2      | 1068 ||| INVOKING Berserk.
  1072 | D:2      | Killed Robin
  1600 | D:2      | 1600 ||| UPGRADING to +0 pair of gloves.
  1605 | D:2      | 1605 ||| DROPPING amulet of magic regeneration.
  1606 | D:2      | 1606 ||| READING scroll labelled RIP DIANTI.
  1707 | D:2      | 1707 ||| READING scroll labelled UFOAX QECO.
  1708 | D:2      | 1708 ||| READING scroll labelled ITHROI ZESTRY.
  1711 | D:2      | 1711 ||| DRINKING 2 clear potions.
  1712 | D:2      | 1712 ||| READING 2 scrolls of identify.
  1712 | D:2      | 1712 ||| IDENTIFYING sapphire potion
  1713 | D:2      | 1713 ||| DROPPING potion of ambrosia.
  2236 | D:3      | Reached XP level 6. HP: 52/52 MP: 5/5
  2568 | D:3      | 2568 ||| UPGRADING to +6 ring of intelligence.
  2569 | D:3      | 2569 ||| READING scroll labelled GAMPIL NAXZO.
  2570 | D:3      | 2570 ||| READING scroll labelled QURISH NENETIR.
  2571 | D:3      | 2571 ||| DRINKING 2 murky orange potions.
  2572 | D:3      | 2572 ||| DRINKING 3 black potions.
  2665 | D:4      | Found a staircase to the Ecumenical Temple.
  2732 | D:4      | Reached skill level 1 in Throwing
  2832 | D:4      | 2832 ||| Stepping ~*~*~tactically~*~*~ (stealth).
  2841 | D:4      | Reached *** piety under Trog
  2903 | D:4      | 2903 ||| Stepping ~*~*~tactically~*~*~ (stealth).
  2909 | D:4      | 2909 ||| Stepping ~*~*~tactically~*~*~ (hiding).
  2911 | D:4      | 2911 ||| Stepping ~*~*~tactically~*~*~ (hiding).
  3006 | D:4      | Reached skill level 8 in Axes
  3013 | D:4      | Noticed Edmund
  3016 | D:4      | 3016 ||| INVOKING Berserk.
  3024 | D:4      | Killed Edmund
  3132 | D:4      | Found a white marble altar of Elyvilon.
  3134 | D:4      | 3134 ||| DROPPING +0 whip.
  3288 | D:4      | 3288 ||| INVOKING Berserk.
  3562 | D:4      | 3562 ||| UPGRADING to +0 chain mail.
  3572 | D:4      | 3572 ||| DROPPING +0 scale mail.
  3573 | D:4      | 3573 ||| READING 2 scrolls of identify.
  3573 | D:4      | 3573 ||| IDENTIFYING cyan potion
  3574 | D:4      | 3574 ||| DROPPING potion of flight.
  3597 | D:5      | Entered Level 5 of the Dungeon
  3598 | D:5      | 3598 ||| PLANNING SEWER
  3601 | D:5      | 3601 ||| STAIRDANCE
  3608 | D:4      | Reached skill level 9 in Axes
  3737 | D:5      | Reached XP level 7. HP: 37/59 MP: 6/6
  3785 | D:5      | 3785 ||| FLEEEEING.
  3786 | D:5      | 3786 ||| FLEEEEING.
  3787 | D:5      | 3787 ||| FLEEEEING.
  3788 | D:5      | 3788 ||| FLEEEEING.
  3789 | D:5      | 3789 ||| FLEEEEING.
  3790 | D:5      | 3790 ||| STAIRDANCE
  3923 | D:5      | Identified the +5 short sword of Gin and Tonic {vorpal,
                  | rElec SInv Stlth+}
  4001 | D:5      | Reached skill level 3 in Armour
  4005 | D:5      | 4005 ||| INVOKING Berserk.
  4010 | D:5      | HP: 15/88 [gnoll sergeant/+0 trident (9)]
  4015 | D:5      | HP: 7/90 [gnoll sergeant/+0 trident (4)]
  4020 | D:5      | 4020 ||| DRINKING potion of heal wounds.
  4024 | D:5      | HP: 5/61 [ogre/+0 giant club (15)]
  4025 | D:5      | Slain by an ogre

Levels and vault maps discovered:
D:1:      psy_arrival_terrarium, layout_rooms,
          hellmonk_ecumenical_altar_zigzags, st_stairs_10, lemuel_flame_loot_1
D:2:      layout_rooms, uniq_robin, uniq_sigmund, uniq_jessica
D:3:      layout_loops_corners
D:4:      layout_basic, mainiacjoe_overflow_concentric_impassable,
          minmay_temple_entry_sparse_star, serial_rivers,
          chequers_serial_rivers_small_b, chequers_serial_rivers_large_a,
          chequers_serial_rivers_micro_b, chequers_serial_rivers_micro_a,
          chequers_serial_rivers_large_b, chequers_serial_rivers_small_a,
          small_statue_alley_b, uniq_edmund
D:5:      layout_cave_pools, mainiacjoe_overflow_divided_tiny, serial_rivers,
          chequers_serial_rivers_micro_e, chequers_serial_rivers_micro_c,
          chequers_serial_rivers_small_b, chequers_serial_rivers_micro_b,
          chequers_serial_rivers_room_a, chequers_serial_rivers_room_a,
          portal_sewer_entry_e

Skill      XL: |  1  2  3  4  5  6  7 |
---------------+----------------------+-----
Axes           | 4 7 9 |  9.0
Fighting       | 4 5 |  5.0
Throwing       | 1 |  1.4
Armour         | 3 |  3.0
Dodging        | |  2.1

Action                   |  1- 3 |  4- 6 |  7- 9 || total
-------------------------+-------+-------+-------++-------
Melee: Hand axe          |    36 |   123 |    25 ||   184
       Headbutt          |     7 |    18 |     3 ||    28
       Punch             |       |     1 |       ||     1
Throw: Javelin           |       |    29 |       ||    29
Invok: Berserk           |     1 |     3 |     1 ||     5
  Use: Scroll            |     1 |     7 |       ||     8
       Potion            |     1 |     3 |     1 ||     5
Armor: Animal skin       |     2 |       |       ||     2
       Scale mail        |     1 |    34 |       ||    35
       Chain mail        |       |     3 |    15 ||    18
Dodge: Dodged            |    17 |    43 |    26 ||    86

Table legend:
 A = Non-vault XP
 B = Vault XP
 C = Vault XP percentage of total XP
 D = Non-vault monster count
 E = Vault monster count
 F = Vault count percentage of total count
                 A         B        C        D         E       F
            +---------+---------+-------+---------+---------+-------
      Total |     408 |     479 |  54.0 |      70 |      20 |  22.2
            +---------+---------+-------+---------+---------+-------
        D:1 |      22 |       7 |  24.1 |      13 |       5 |  27.8
        D:2 |      35 |     299 |  89.5 |      18 |      14 |  43.8
        D:3 |      28 |       0 |   0.0 |      15 |       0 |   0.0
        D:4 |     133 |     173 |  56.5 |      13 |       1 |   7.1
        D:5 |     190 |       0 |   0.0 |      11 |       0 |   0.0
            +---------+---------+-------+---------+---------+-------
